AoeStats
← aDT_The Night Panda

Four Lakes

503448140Analyzed
3v3 RM · 1mo ago on Aug 31, 2026· 24m 57s· 6 players
Game mode
Random Map
Map size
Normal (6 player)
Population
200
Speed
Normal
Resources
Standard
Victory
Conquest
Starting age
Dark Age
Ending age
Imperial Age
RankedLock teamsTeams togetherTeam positionsShared explorationLock speedFull tech treeHidden civsTurbo modeCheats
Victory
Defeat
🇩🇰 Wu · Denmark
1713
+4
🇩🇰 Dravidians · Denmark
1706
+5
🇩🇰 Persians · Denmark
1703
+5
🇲🇴 Vikings · Macao SAR China
1427
-5
🇬🇧 Dravidians · United Kingdom
1383
-4
🇲🇽 Persians · Mexico
1382
-4
PhizzyBlue
7:56 Loom
10:29 Feudal Age
11:14 Double-Bit Axe
20:49 Fletching
26:59 Castle Age
luislm6621
6:48 Loom
11:00 Feudal Age
11:30 Double-Bit Axe
11:57 Town Watch
16:35 Castle Age
16:29 Fishing Lines
18:07 Forging
17:57 Gillnets
19:23 Scale Barding Armor
24:15 Iron Casting
dont help
4:25 Loom
10:13 Feudal Age
10:43 Double-Bit Axe
15:44 Fletching
16:56 Gold Mining
DK | MF
10:21 Feudal Age
10:02 Loom
14:05 Castle Age
14:03 Forging
15:08 Medium Warships
20:45 Fletching
22:47 Double-Bit Axe
24:43 Fishing Lines
DK | Mauseren
8:30 Loom
10:20 Feudal Age
8:58 Loom
11:41 Fishing Lines
11:52 Double-Bit Axe
13:41 Fletching
17:43 Gold Mining
21:03 Castle Age
21:12 Crossbowman
21:48 Bodkin Arrow
22:50 Medium Warships
aDT_The Night Panda
10:20 Feudal Age
8:36 Loom
11:14 Double-Bit Axe
13:43 Bloodlines
14:16 Scale Barding Armor
15:21 Forging
18:54 Castle Age
17:06 Fishing Lines
18:53 Light Cavalry
19:33 Husbandry
19:54 Chain Barding Armor
19:54 Medium Warships
20:08 Bow Saw
21:05 Gillnets
23:26 Town Watch
24:21 Wheelbarrow
Connection lost

Rejoining the realm…

Still unreachable

The connection could not be restored.

Session expired

The server has moved on; the page needs a fresh start.